TOP OF THE 1ST |
Moose Jaw Ghostbusters batting - Pitching for Bismarck Barons : RHP César Sánchez
|
Pitching: RHP César Sánchez
|
|
Batting: LHB David Adams
|
0-0: Ball 1-0: Foul Ball, location: 2F 1-1: Ball 2-1: Called Strike 2-2: Foul Ball, location: 2F 2-2: Foul Ball, location: 2F 2-2: DOUBLE (Line Drive, 9LM)
|
Batting: LHB Jon Scott
|
0-0: Swinging Strike 0-1: Called Strike 0-2: Ball 1-2: Foul Ball, location: 2F 1-2: Strikes out looking
|
Batting: RHB Billy Mullins
|
0-0: Called Strike 0-1: SINGLE (Groundball, 6MD) David Adams to third Runner from 3rd tries for Home, SAFE, no throw
|
Batting: LHB Francisco Cardenas
|
0-0: Called Strike 0-1: Ball 1-1: Ball 2-1: Ball 3-1: Called Strike 3-2: Foul Ball, location: 2F 3-2: Foul Ball, location: 2F 3-2: SINGLE (Line Drive, 7S) Billy Mullins to second
|
Batting: SHB Rafael Acosta
|
0-0: Ball 1-0: Ball 2-0: Fly out, F9 (Flyball, 9D) Runner from 2nd tags up, SAFE at 3rd, no throw
|
Batting: RHB Yasuhiko Sumita
|
0-0: Swinging Strike 0-1: Ball 1-1: Fly out, F8 (Flyball, 8RXD)
|
Top of the 1st over - 1 run(s), 3 hit(s), 0 error(s), 2 left on base; Moose Jaw 1 - Bismarck 0 |
BOTTOM OF THE 1ST |
Bismarck Barons batting - Pitching for Moose Jaw Ghostbusters : LHP Jon Vaughn
|
Pitching: LHP Jon Vaughn
|
|
Batting: RHB Pancho Torres
|
0-0: Ball 1-0: Ball 2-0: Foul Ball, location: 2F 2-1: Ball 3-1: Fly out, F9 (Line Drive, 9)
|
Batting: RHB Eugenio Maldonado
|
0-0: Ball 1-0: Ball 2-0: Ball 3-0: Called Strike 3-1: Fly out, F8 (Flyball, 78S)
|
Batting: RHB Jason Stover
|
0-0: Foul Ball, location: 2F 0-1: Fly out, F5 (Line Drive, 5)
|
Bottom of the 1st over - 0 run(s), 0 hit(s), 0 error(s), 0 left on base; Moose Jaw 1 - Bismarck 0 |
TOP OF THE 2ND |
Moose Jaw Ghostbusters batting - Pitching for Bismarck Barons : RHP César Sánchez
|
Batting: LHB Will Vale
|
0-0: Ball 1-0: Ball 2-0: Called Strike 2-1: Ground out U3 (Groundball, 34)
|
Batting: LHB Raúl Casillán
|
0-0: Ball 1-0: Called Strike 1-1: Fly out, F4 (Popup, 4)
|
Batting: RHB Donald Fenner
|
0-0: Ground out 4-3 (Groundball, 34D)
|
Top of the 2nd over - 0 run(s), 0 hit(s), 0 error(s), 0 left on base; Moose Jaw 1 - Bismarck 0 |
BOTTOM OF THE 2ND |
Bismarck Barons batting - Pitching for Moose Jaw Ghostbusters : LHP Jon Vaughn
|
Batting: RHB Fernando Castellanos
|
0-0: Ball 1-0: Reached on error, E4 (Groundball, 34)
|
Batting: RHB Dave Anderson
|
0-0: Ball 1-0: Called Strike 1-1: Ball 2-1: Foul Ball, location: 2F 2-2: Fielders Choice at 2nd, 4-6 (Groundball, 4)
|
Batting: SHB José Gonzáles
|
0-0: Ball Dave Anderson steals 2nd base 1-0: Ball 2-0: Ground out U3 (Groundball, 34S) Dave Anderson to third
|
Batting: RHB Francisco Fernández
|
0-0: Ball 1-0: Foul Ball, location: 2F 1-1: Foul Ball, location: 2F 1-2: Ball 2-2: Ball 3-2: Ground out 5-3 (Groundball, 56S)
|
Bottom of the 2nd over - 0 run(s), 0 hit(s), 1 error(s), 1 left on base; Moose Jaw 1 - Bismarck 0 |
TOP OF THE 3RD |
Moose Jaw Ghostbusters batting - Pitching for Bismarck Barons : RHP César Sánchez
|
Batting: LHB David Adams
|
0-0: Called Strike 0-1: Ball 1-1: Called Strike 1-2: Foul Ball, location: 2F 1-2: Ball 2-2: Ball 3-2: Base on Balls
|
Batting: LHB Jon Scott
|
0-0: Fly out, F6 (Popup, 56D)
|
Batting: RHB Billy Mullins
|
0-0: Ball 1-0: Ball 2-0: Ball 3-0: Called Strike 3-1: Base on Balls David Adams to second
|
Batting: LHB Francisco Cardenas
|
0-0: Called Strike David Adams steals 3rd base Billy Mullins to second 0-1: Foul Ball, location: 2F 0-2: Ground out U3 (Groundball, 3)
|
Batting: SHB Rafael Acosta
|
0-0: Ground out 1-3 (Groundball, 13)
|
Top of the 3rd over - 0 run(s), 0 hit(s), 0 error(s), 2 left on base; Moose Jaw 1 - Bismarck 0 |
BOTTOM OF THE 3RD |
Bismarck Barons batting - Pitching for Moose Jaw Ghostbusters : LHP Jon Vaughn
|
Batting: RHB Tomás Rivera
|
0-0: Ball 1-0: Ball 2-0: Ground out 1-3 (Groundball, 15S)
|
Batting: RHB Xie-li Fong
|
0-0: Ball 1-0: Ball 2-0: SINGLE (Groundball, 34S) (infield hit)
|
Batting: RHB Pancho Torres
|
0-0: Foul Ball, location: 2F 0-1: Ball 1-1: Grounds into double play, 4-6-3 (Groundball, 34)
|
Bottom of the 3rd over - 0 run(s), 1 hit(s), 0 error(s), 0 left on base; Moose Jaw 1 - Bismarck 0 |
TOP OF THE 4TH |
Moose Jaw Ghostbusters batting - Pitching for Bismarck Barons : RHP César Sánchez
|
Batting: RHB Yasuhiko Sumita
|
0-0: Ball 1-0: Ball 2-0: Swinging Strike 2-1: Swinging Strike 2-2: Ball 3-2: Foul Ball, location: 2F 3-2: Foul Ball, location: 2F 3-2: Foul Ball, location: 2F 3-2: Base on Balls
|
Batting: LHB Will Vale
|
0-0: Ball 1-0: Called Strike 1-1: Called Strike 1-2: Foul Ball, location: 2F 1-2: Foul Ball, location: 2F 1-2: Foul Ball, location: 2F 1-2: Strikes out swinging
|
Batting: LHB Raúl Casillán
|
0-0: Ball 1-0: Ball 2-0: Called Strike 2-1: Ball 3-1: Base on Balls Yasuhiko Sumita to second
|
Batting: RHB Donald Fenner
|
0-0: Called Strike Yasuhiko Sumita is caught stealing 3rd base Raúl Casillán to second 0-1: Ball 1-1: Foul Ball, location: 2F 1-2: Foul Ball, location: 2F 1-2: Ground out 4-3 (Groundball, 4MS)
|
Top of the 4th over - 0 run(s), 0 hit(s), 0 error(s), 1 left on base; Moose Jaw 1 - Bismarck 0 |
BOTTOM OF THE 4TH |
Bismarck Barons batting - Pitching for Moose Jaw Ghostbusters : LHP Jon Vaughn
|
Batting: RHB Eugenio Maldonado
|
0-0: Ball 1-0: Ball 2-0: Called Strike 2-1: SINGLE (Line Drive, 6MD)
|
Batting: RHB Jason Stover
|
0-0: Ball 1-0: Swinging Strike 1-1: Grounds into double play, 6-4-3 (Groundball, 6)
|
Batting: RHB Fernando Castellanos
|
0-0: Ground out 5-3 (Groundball, 5S)
|
Bottom of the 4th over - 0 run(s), 1 hit(s), 0 error(s), 0 left on base; Moose Jaw 1 - Bismarck 0 |
TOP OF THE 5TH |
Moose Jaw Ghostbusters batting - Pitching for Bismarck Barons : RHP César Sánchez
|
Batting: LHB David Adams
|
0-0: Called Strike 0-1: Ball 1-1: Foul Ball, location: 2F 1-2: Fly out, F7 (Flyball, 78S)
|
Batting: LHB Jon Scott
|
0-0: Ball 1-0: Fly out, F7 (Flyball, 7)
|
Batting: RHB Billy Mullins
|
0-0: Ball 1-0: Swinging Strike 1-1: Ball 2-1: Ball 3-1: Base on Balls
|
Batting: LHB Francisco Cardenas
|
0-0: Called Strike 0-1: Called Strike Billy Mullins steals 2nd base 0-2: Ball 1-2: Foul Ball, location: 2F 1-2: Ground out 5-3 (Groundball, 56)
|
Top of the 5th over - 0 run(s), 0 hit(s), 0 error(s), 1 left on base; Moose Jaw 1 - Bismarck 0 |
BOTTOM OF THE 5TH |
Bismarck Barons batting - Pitching for Moose Jaw Ghostbusters : LHP Jon Vaughn
|
Batting: RHB Dave Anderson
|
0-0: Ball 1-0: Ball 2-0: Ball 3-0: Called Strike 3-1: SINGLE (Groundball, 25) (infield hit)
|
Batting: SHB José Gonzáles
|
0-0: Called Strike 0-1: Foul Ball, location: 2F 0-2: DOUBLE (Flyball, 78M) Dave Anderson to third
|
Batting: RHB Francisco Fernández
|
0-0: Ball 1-0: Ball 2-0: Fly out, F8 (Flyball, 8RM) Runner from 3rd tags up, SCORES, no throw
|
Batting: RHB Tomás Rivera
|
0-0: Called Strike 0-1: Ball 1-1: Called Strike 1-2: SINGLE (Groundball, P) (infield hit) José Gonzáles to third
|
Batting: RHB Xie-li Fong
|
0-0: Ball 1-0: Foul Ball, location: 2F 1-1: Swinging Strike 1-2: Strikes out swinging
|
Batting: RHB Pancho Torres
|
0-0: Called Strike 0-1: Ball 1-1: SINGLE (Line Drive, 7S) José Gonzáles scores Tomás Rivera to second
|
Batting: RHB Eugenio Maldonado
|
0-0: Called Strike 0-1: Ball 1-1: Ball 2-1: Ball 3-1: Foul Ball, location: 2F 3-2: Foul Ball, location: 2F 3-2: Ground out 5-3 (Groundball, 56S)
|
Bottom of the 5th over - 2 run(s), 4 hit(s), 0 error(s), 2 left on base; Moose Jaw 1 - Bismarck 2 |
TOP OF THE 6TH |
Moose Jaw Ghostbusters batting - Pitching for Bismarck Barons : RHP César Sánchez
|
Pitching: RHP Wilson Molina
|
|
Batting: SHB Rafael Acosta
|
0-0: Ball 1-0: Foul Ball, location: 2F 1-1: Ground out U3 (Groundball, 3)
|
Batting: RHB Yasuhiko Sumita
|
0-0: Ball 1-0: Ball 2-0: DOUBLE (Line Drive, 7LM)
|
Batting: LHB Will Vale
|
0-0: Called Strike 0-1: Called Strike 0-2: Ball 1-2: Strikes out looking
|
Batting: LHB Raúl Casillán
|
0-0: Called Strike 0-1: Ball 1-1: Foul Ball, location: 2F 1-2: Ball 2-2: Ground out U3 (Groundball, 34)
|
Top of the 6th over - 0 run(s), 1 hit(s), 0 error(s), 1 left on base; Moose Jaw 1 - Bismarck 2 |
BOTTOM OF THE 6TH |
Bismarck Barons batting - Pitching for Moose Jaw Ghostbusters : LHP Jon Vaughn
|
Batting: RHB Jason Stover
|
0-0: Ball 1-0: SOLO HOME RUN (Flyball, 89XD), Distance : 370 ft
|
Batting: RHB Fernando Castellanos
|
0-0: SOLO HOME RUN (Flyball, 7D), Distance : 377 ft
|
Batting: RHB Dave Anderson
|
0-0: Swinging Strike 0-1: Swinging Strike 0-2: Strikes out swinging
|
Batting: SHB José Gonzáles
|
0-0: Called Strike 0-1: Fly out, F8 (Flyball, 8RXD)
|
Batting: RHB Francisco Fernández
|
0-0: Ball 1-0: Ball 2-0: Ball 3-0: Base on Balls
|
Batting: RHB Tomás Rivera
|
0-0: Called Strike 0-1: Ball 1-1: Fly out, F8 (Flyball, 8RS)
|
Bottom of the 6th over - 2 run(s), 2 hit(s), 0 error(s), 1 left on base; Moose Jaw 1 - Bismarck 4 |
TOP OF THE 7TH |
Moose Jaw Ghostbusters batting - Pitching for Bismarck Barons : RHP Wilson Molina
|
Batting: RHB Donald Fenner
|
0-0: Called Strike 0-1: Ground out 5-3 (Groundball, 56)
|
Batting: LHB David Adams
|
0-0: Ball 1-0: Fly out, F7 (Flyball, 7D)
|
Batting: LHB Jon Scott
|
0-0: Ball 1-0: Ball 2-0: Swinging Strike 2-1: Called Strike 2-2: Foul Ball, location: 2F 2-2: Ball 3-2: SINGLE (Line Drive, 8RS)
|
Batting: RHB Billy Mullins
|
0-0: Called Strike 0-1: Ball 1-1: Ball 2-1: Ball 3-1: Foul Ball, location: 2F 3-2: Fly out, F2 (Popup, 5S)
|
Top of the 7th over - 0 run(s), 1 hit(s), 0 error(s), 1 left on base; Moose Jaw 1 - Bismarck 4 |
BOTTOM OF THE 7TH |
Bismarck Barons batting - Pitching for Moose Jaw Ghostbusters : LHP Jon Vaughn
|
Pitching: RHP Bennett Greer
|
|
Batting: RHB Xie-li Fong
|
0-0: Called Strike 0-1: Called Strike 0-2: Ball 1-2: Ball 2-2: Ball 3-2: Foul Ball, location: 2F 3-2: Foul Ball, location: 2F 3-2: Foul Ball, location: 2F 3-2: Foul Ball, location: 2F 3-2: Base on Balls
|
Batting: RHB Pancho Torres
|
0-0: Ball 1-0: Ball 2-0: Bunted foul 2-1: Sac Bunt - play at first, batter OUT! 2-4 Xie-li Fong to second
|
Batting: RHB Eugenio Maldonado
|
0-0: Called Strike 0-1: Called Strike 0-2: Foul Ball, location: 2F 0-2: Ball 1-2: Ball 2-2: Strikes out swinging
|
Batting: RHB Jason Stover
|
0-0: Ground out 1-3 (Groundball, 15S)
|
Bottom of the 7th over - 0 run(s), 0 hit(s), 0 error(s), 1 left on base; Moose Jaw 1 - Bismarck 4 |
TOP OF THE 8TH |
Moose Jaw Ghostbusters batting - Pitching for Bismarck Barons : RHP Wilson Molina
|
Batting: LHB Francisco Cardenas
|
0-0: Foul Ball, location: 2F 0-1: Called Strike 0-2: Strikes out looking
|
Batting: SHB Rafael Acosta
|
0-0: Called Strike 0-1: Ball 1-1: Foul Ball, location: 2F 1-2: Ball 2-2: Ball 3-2: Foul Ball, location: 2F 3-2: Base on Balls
|
Pitching: RHP Domingo León
|
|
Batting: RHB Yasuhiko Sumita
|
0-0: Called Strike 0-1: Swinging Strike 0-2: Ball 1-2: Strikes out swinging
|
Pitching: LHP Charlie Conner
|
|
Batting: LHB Will Vale
|
0-0: Called Strike 0-1: Foul Ball, location: 2F 0-2: Fly out, F6 (Line Drive, 6M)
|
Top of the 8th over - 0 run(s), 0 hit(s), 0 error(s), 1 left on base; Moose Jaw 1 - Bismarck 4 |
BOTTOM OF THE 8TH |
Bismarck Barons batting - Pitching for Moose Jaw Ghostbusters : RHP Bennett Greer
|
Batting: RHB Fernando Castellanos
|
0-0: Ball 1-0: Ball 2-0: SOLO HOME RUN (Flyball, 9D), Distance : 350 ft
|
Batting: RHB Dave Anderson
|
0-0: Called Strike 0-1: Foul Ball, location: 2F 0-2: Foul Ball, location: 2F 0-2: Ball 1-2: Ball 2-2: Foul Ball, location: 2F 2-2: Ground out 6-3 (Groundball, 6)
|
Batting: SHB José Gonzáles
|
0-0: Ball 1-0: Ball 2-0: Called Strike 2-1: Foul Ball, location: 2F 2-2: Foul Ball, location: 2F 2-2: Ball 3-2: SINGLE (Groundball, 34D)
|
Batting: RHB Francisco Fernández
|
0-0: Called Strike 0-1: Swinging Strike 0-2: Foul Ball, location: 2F 0-2: Ball 1-2: Ball 2-2: Ball 3-2: Strikes out swinging
|
Batting: RHB Tomás Rivera
|
0-0: Called Strike José Gonzáles steals 2nd base 0-1: Ball 1-1: Ball 2-1: Called Strike 2-2: Foul Ball, location: 2F 2-2: Fly out, F4 (Popup, 4)
|
Bottom of the 8th over - 1 run(s), 2 hit(s), 0 error(s), 1 left on base; Moose Jaw 1 - Bismarck 5 |
TOP OF THE 9TH |
Moose Jaw Ghostbusters batting - Pitching for Bismarck Barons : LHP Charlie Conner
|
Pitching: RHP Armando Torres
|
|
Batting: LHB Raúl Casillán
|
0-0: Foul Ball, location: 2F 0-1: Ball 1-1: SINGLE (Line Drive, 8RS)
|
Batting: RHB Donald Fenner
|
0-0: Ball 1-0: Called Strike 1-1: Foul Ball, location: 2F 1-2: Foul Ball, location: 2F 1-2: Fly out, F9 (Flyball, 89M)
|
Batting: LHB David Adams
|
0-0: Ball 1-0: Called Strike 1-1: Foul Ball, location: 2F 1-2: Foul Ball, location: 2F 1-2: Ball 2-2: SINGLE (Flyball, 89S) Raúl Casillán to second Runner from 2nd tries for 3rd, SAFE, throw made to third
|
Pitching: RHP Ignacio Beltrán
|
|
Batting: LHB Jon Scott
|
0-0: DOUBLE (Line Drive, 8LD) Raúl Casillán scores David Adams to third
|
Pinch Hitting: LHB Karl Hill
|
0-0: Swinging Strike 0-1: Ball 1-1: Ball 2-1: Foul Ball, location: 2F 2-2: Ball 3-2: Foul Ball, location: 2F 3-2: Base on Balls
|
Batting: LHB Francisco Cardenas
|
0-0: Ball 1-0: Called Strike 1-1: Ball 2-1: Ball 3-1: Base on Balls David Adams scores Jon Scott to third Karl Hill to second
|
Batting: SHB Rafael Acosta
|
0-0: Called Strike 0-1: Ball 1-1: SINGLE (Line Drive, 7LS) Jon Scott scores Karl Hill to third Francisco Cardenas to second
|
Batting: RHB Yasuhiko Sumita
|
0-0: Called Strike 0-1: Foul Ball, location: 2F 0-2: Ball 1-2: Foul Ball, location: 2F 1-2: Ball 2-2: GRAND SLAM HOME RUN (Flyball, 9D), Distance : 363 ft
|
Pitching: LHP Kevin Andrews
|
|
Batting: LHB Will Vale
|
0-0: Foul Ball, location: 2F 0-1: Called Strike 0-2: Ground out 1-3 (Groundball, 15S)
|
Batting: LHB Raúl Casillán
|
0-0: Called Strike 0-1: Ball 1-1: Ball 2-1: Ball 3-1: Base on Balls
|
Batting: RHB Donald Fenner
|
0-0: Ball 1-0: Called Strike 1-1: Ball 2-1: Swinging Strike 2-2: Ball 3-2: Strikes out looking
|
Top of the 9th over - 7 run(s), 5 hit(s), 0 error(s), 1 left on base; Moose Jaw 8 - Bismarck 5 |
BOTTOM OF THE 9TH |
Bismarck Barons batting - Pitching for Moose Jaw Ghostbusters : RHP Bennett Greer
|
Pitching: RHP Brandon Williams
|
|
Now at 2B: Lúcio Ramírez
|
|
Batting: RHB Xie-li Fong
|
0-0: Ball 1-0: Ball 2-0: Foul Ball, location: 2F 2-1: Ball 3-1: Foul Ball, location: 2F 3-2: Strikes out swinging
|
Batting: RHB Pancho Torres
|
0-0: Called Strike 0-1: Ball 1-1: Hit by Pitch
|
Batting: RHB Eugenio Maldonado
|
0-0: Ball 1-0: Foul Ball, location: 2F 1-1: Ball 2-1: Called Strike 2-2: Ball 3-2: SINGLE (Groundball, 6) (infield hit) Pancho Torres to second
|
Batting: RHB Jason Stover
|
0-0: Ball 1-0: Called Strike 1-1: Ball 2-1: Fielders Choice at 2nd, 5-4 (Groundball, 56) Pancho Torres to third
|
Pinch Hitting: LHB Jesús Bueno
|
0-0: Ball 1-0: Called Strike 1-1: Ball 2-1: Ball 3-1: Foul Ball, location: 2F 3-2: Foul Ball, location: 2F 3-2: Fly out, F5 (Line Drive, 56)
|
Bottom of the 9th over - 0 run(s), 1 hit(s), 0 error(s), 2 left on base; Moose Jaw 8 - Bismarck 5 |
|